Map: Automaton LE

Players

aard - Winner!

  • Race: Protoss Protoss
  • Spawn Location: 9:00

VOD

Have the link to the VOD?

Description

Time

  • Played on: April 15, 2019, 8:53 a.m.
  • Length: 9:58
Show
View Real Time Build Order
Export as new Build Order

aard Protoss - Winner!

Build Orders:  

Get SALT Encoding   

  12  0:06  Probe (Chrono Boost)  
  13  0:23  Pylon  
  13  0:51  Gateway  
  13  1:00  Assimilator  
  13  1:08  Assimilator  
  13  1:15  Probe (Chrono Boost)  
  14  1:32  Probe (Chrono Boost)  
  15  1:49  Probe (Chrono Boost)  
  16  1:58  Cybernetics Core  
  16  2:05  Pylon  
  16  2:06  Probe (Chrono Boost)  
  17  2:21  Zealot  
  17  2:23  Probe (Chrono Boost)  
  20  2:56  Stargate  
  20  3:09  Probe (Chrono Boost)  
  21  3:26  Probe (Chrono Boost), Gateway  
  22  3:56  Void Ray  
  26  4:05  Probe (Chrono Boost)  
  27  4:17  Warp Gate  
  27  4:19  Pylon  
  27  4:22  Probe (Chrono Boost)  
  28  4:34  Stalker  
  30  4:56  Void Ray  
  34  5:08  Stalker  
  36  5:31  Stalker  
  38  5:40  Pylon  
  38  5:46  Pylon  
  38  6:05  Void Ray  
  42  6:15  Stalker  
  44  6:27  Stalker  
  46  6:49  Stalker  
  48  7:01  Stalker  
  50  7:24  Void Ray  
  50  8:48  Stalker  
  52  8:50  Stalker  
Tags
 
League
Bronze
Matchup
Co-op
Add a new tag
Caveats
  • Supply blocks, unpowered buildings, or Contaminate may cause inaccurate times.
  • Supply counts are checked every 10 seconds.